 Dungeon Crawl Stone Soup version 0.23.2-1-ga50397a6bc (webtiles) character file.

Game seed: 17667539811335916780

821 H0rd4k the Vandal (level 8, 0/57 HPs)
             Began as a Human Artificer on May 15, 2019.
             Slain by a centaur (9 damage)
             ... on level 6 of the Dungeon.
             The game lasted 00:13:06 (7014 turns).

H0rd4k the Vandal (Human Artificer)                 Turns: 7014, Time: 00:13:06

Health: 0/57       AC:  3    Str: 14    XL:     8   Next: 16%
Magic:  10/10      EV: 13    Int: 12    God:
Gold:   200        SH:  0    Dex: 14    Spells: 7/7 levels left

rFire    . . .     SeeInvis .   r - +2 hunting sling (flame)
rCold    . . .     Gourm    .   (no shield)
rNeg     . . .     Faith    .   b - +0 leather armour
rPois    .         Spirit   .   (no helmet)
rElec    .         Reflect  .   (no cloak)
rCorr    .         Harm     .   (no gloves)
MR       .....                  (no boots)
Stlth    ++........             (no amulet)
HPRegen  0.19/turn              (no ring)
MPRegen  0.12/turn              (no ring)

@: no status effects
A: no striking features
a: no special abilities


You were on level 6 of the Dungeon.
You were not hungry.

You visited 2 branches of the dungeon, and saw 7 of its levels.

You collected 200 gold pieces.

Inventory:

Hand Weapons
 a - a +0 short sword
 r - a +2 hunting sling of flaming (weapon)
Missiles
 i - 4 javelins of penetration
 t - 122 stones (quivered)
Armour
 b - a +0 leather armour (worn)
 u - a +0 pair of gloves
 v - a +0 pair of boots
 I - a +0 pair of boots
Jewellery
 g - a cursed ring of teleportation {unknown}
 m - a +3 ring of dexterity {unknown}
 o - an uncursed ring of poison resistance {unknown}
 p - a +3 ring of strength {unknown}
 C - an uncursed ring of see invisible {unknown}
Wands
 d - a wand of enslavement (13)
 e - a wand of random effects (20)
Scrolls
 c - 2 scrolls of teleportation {unknown}
 h - a scroll of enchant armour {unknown}
 j - 4 scrolls of identify {unknown}
 l - a scroll of blinking {unknown}
 q - a scroll of noise {unknown}
 s - 2 scrolls of enchant weapon {unknown}
 x - a scroll of fog {unknown}
 y - 2 scrolls of remove curse {unknown}
 F - 2 scrolls of magic mapping {unknown}
Potions
 k - a potion of resistance {unknown}
 n - a potion of agility
 w - a potion of cancellation {unknown}
 z - a potion of mutation {unknown}
 A - a potion of lignification {unknown}
 B - a potion of haste {unknown}
 D - a potion of flight {unknown}
 E - 2 potions of curing
 H - a potion of ambrosia {unknown}
Comestibles
 f - 5 rations
 G - 4 chunks of flesh


   Skills:
 + Level 2.9 Fighting
 + Level 2.4 Short Blades
 + Level 5.1(5.4) Slings
 * Level 2.4(4.1) Throwing
 + Level 2.1 Armour
 + Level 3.5 Dodging
 + Level 1.9 Stealth
 + Level 3.7 Evocations


You had 7 spell levels left.
You didn't know any spells.
Your spell library contained the following spells:

 Spells                   Type           Power        Failure   Level  Hunger
 Flame Tongue             Conj/Fire      #....        38%         1    ##.....
 Throw Flame              Conj/Fire      #.....       52%         2    ###....
 Conjure Flame            Conj/Fire      #.......     77%         3    ####...
 Inner Flame              Hex/Fire       #.......     77%         3    ####...
 Sticky Flame             Conj/Fire      #.......     99%         4    #####..
 Fireball                 Conj/Fire      #.........   100%        5    ######.


Dungeon Overview and Level Annotations

Branches:
Dungeon (6/15)             Temple (1/1) D:4

Altars:
Ashenzari
Cheibriados
Dithmenos
Elyvilon
Fedhas
Gozag
Hepliaklqana
Kikubaaqudgha
Makhleb
Nemelex Xobeh
Okawaru
Qazlal
Ru
Sif Muna
Trog
Uskayaw
Vehumet
Wu Jian
Xom
Yredelemnul
Zin
The Shining One

Annotations:
D:2 exclusion: 2 downstairs
D:4 1 runed translucent door, Crazy Yiuf


Message History

* * * LOW HITPOINT WARNING * * *
The centaur barely misses you.
The bullfrog hits you but does no damage.
Firing (i - inventory. (/) - cycle)
t - 124 stones (quivered)
Press: ? - help, Shift-Dir - straight line, f/p - bullfrog
Aim: a bullfrog (severely wounded)
You shoot a stone. The stone hits the bullfrog.
The stone burns the bullfrog.
The bullfrog is almost dead.
The centaur barely misses you. The bullfrog hits you.
* * * LOW HITPOINT WARNING * * *
The centaur hits you.
* * * LOW HITPOINT WARNING * * *
Firing (i - inventory. (/) - cycle)
t - 123 stones (quivered)
Press: ? - help, Shift-Dir - straight line, f/p - bullfrog
Aim: a bullfrog (almost dead)
You shoot a stone. The stone hits the bullfrog.
The stone burns the bullfrog.
You kill the bullfrog!
Your Slings skill increases to level 5!
The centaur hits you!
You die...

...... ..#..
....## ...(##
#. #....#
#.#..(.#
#....(c#
#...@[#
#..............
####.........##
...#.........
...###.......<.
## #.......#.
#.........
#.........


You could see a centaur.

Vanquished Creatures
  A phantom (D:4)
  A centaur (D:5)
  A bullfrog (D:6)
  Blork the orc (D:4)
  A howler monkey (D:4)
  2 crimson imps
  A hound (D:5)
  An orc priest (D:6)
  4 orc wizards
  A worker ant (D:5)
  Robin (D:4)
  3 gnolls (D:3)
  6 adders
  2 oozes (D:2)
  4 worms
  A dart slug (D:1)
  13 orcs
  A ball python (D:1)
  12 bats
  8 giant cockroaches
  16 goblins
  7 hobgoblins
  7 jackals
  7 kobolds
  2 quokkas (D:2)
  4 frilled lizards
  2 quokka zombies
  6 rats
  A toadstool (D:1)
117 creatures vanquished.

Vanquished Creatures (collateral kills)
  A bat (D:3)
1 creature vanquished.

Vanquished Creatures (others)
  3 toadstools (D:1)
3 creatures vanquished.

Grand Total: 121 creatures vanquished

Notes
Turn   | Place    | Note
-------+----------+-------------------------------------------
     0 | D:1      | H0rd4k the Human Artificer began the quest for the Orb.
     0 | D:1      | Reached XP level 1. HP: 15/15 MP: 3/3
    95 | D:1      | Reached XP level 2. HP: 10/21 MP: 4/4
   296 | D:1      | Reached XP level 3. HP: 10/26 MP: 5/5
  1521 | D:2      | Reached skill level 1 in Armour
  1674 | D:2      | Reached XP level 4. HP: 15/32 MP: 6/6
  3252 | D:3      | Reached XP level 5. HP: 38/38 MP: 7/7
  3724 | D:3      | Reached skill level 1 in Slings
  4119 | D:3      | Found a stormy altar of Qazlal.
  4187 | D:2      | HP: 1/38 [something (3)]
  4828 | D:3      | Reached XP level 6. HP: 38/44 MP: 8/8
  5317 | D:3      | Reached skill level 2 in Slings
  5399 | D:4      | Noticed a phantom
  5422 | D:4      | Killed a phantom
  5422 | D:4      | Reached skill level 3 in Slings
  5422 | D:4      | Reached skill level 1 in Throwing
  5499 | D:4      | Noticed Blork the orc
  5515 | D:4      | HP: 1/44 [something (3)]
  5517 | D:4      | Killed Blork the orc
  5517 | D:4      | Reached XP level 7. HP: 1/50 MP: 9/9
  6231 | D:4      | Found a runed translucent door.
  6232 | D:4      | Noticed Crazy Yiuf
  6261 | D:4      | Reached skill level 4 in Slings
  6466 | D:4      | Noticed Robin
  6493 | D:4      | Killed Robin
  6619 | D:4      | Found a staircase to the Ecumenical Temple.
  6624 | Temple   | Entered the Ecumenical Temple
  6840 | D:5      | Entered Level 5 of the Dungeon
  6919 | D:5      | Reached XP level 8. HP: 57/57 MP: 10/10
  7014 | D:6      | Reached skill level 5 in Slings
  7014 | D:6      | Slain by a centaur

Skill      XL: |  1  2  3  4  5  6  7  8 |
---------------+-------------------------+-----
Armour         | 1 2 |  2.1
Short Blades   | 2 |  2.4
Slings         | 1 3 4 5 |  5.1
Fighting       | 2 |  2.9
Throwing       | 1 2 |  2.4
Dodging        | 3 |  3.5
Stealth        | |  1.9
Evocations     | |  3.7

Action                   |  1- 3 |  4- 6 |  7- 9 || total
-------------------------+-------+-------+-------++-------
Melee: Short sword       |   163 |   135 |       ||   298
 Fire: Hunting sling     |       |   107 |   106 ||   213
Evoke: Wand              |     3 |    20 |     1 ||    24
  Use: Potion            |       |     4 |       ||     4
 Stab: Sleeping          |     2 |     1 |       ||     3
       Distracted        |     1 |       |       ||     1
  Eat: Chunk             |     2 |     9 |     1 ||    12
       Ration            |       |     1 |     1 ||     2
Armor: Leather armour    |    49 |    44 |     8 ||   101
Dodge: Dodged            |   112 |   113 |    44 ||   269
